 Dungeon Crawl Stone Soup version 0.28.0-1-gb440e238dd (webtiles) character file.

Game seed: 3822334552240642971

3266 themarg the Destroyer (level 10, -3/55 HPs)
             Began as a Tengu Conjurer on Feb 22, 2022.
             Was an Initiate of Yredelemnul.
             Slain by a hornet zombie (12 damage)
             ... animated by the player character
             ... on level 8 of the Dungeon.
             The game lasted 00:47:46 (12171 turns).

themarg the Destroyer (Tengu Conjurer)             Turns: 12171, Time: 00:47:48

Health: -3/55      AC:  3    Str:  7    XL:     10   Next: 0%
Magic:  9/21       EV: 16    Int: 22    God:    Yredelemnul [......]
Gold:   358        SH:  5    Dex: 14    Spells: 9/23 levels left

rFire   . . .      SeeInvis .   B - +3 dagger (drain)
rCold   . . .      Faith    .   H - +2 buckler
rNeg    . . .      Spirit   .   a - +0 robe
rPois   +          Reflect  .   (helmet restricted)
rElec   .          Harm     .   (no cloak)
rCorr   .          Rampage  .   F - +0 pair of gloves
Will    .....                   (boots unavailable)
Stlth   ++++++....              (no amulet)
HPRegen 0.18/turn               L - ring of poison resistance
MPRegen 0.17/turn               o - ring of Shadows {Umbra +Inv Stlth+}

@: flying quickly and evasively, wreathed by umbra, quick
A: beak, talons 3, nimble flight
a: Renounce Religion, Evoke Invisibility, Recall Undead Harvest


You were on level 8 of the Dungeon.
You worshipped Yredelemnul.
Yredelemnul was noncommittal.
You visited 2 branches of the dungeon, and saw 9 of its levels.
You also visited: Sewer.

You collected 358 gold pieces.

Inventory:

Hand Weapons
 l - a +2 dagger of pain
 B - a +3 dagger of draining (weapon)
Missiles
 d - 226 stones
 g - 2 atropa-tipped darts
 n - 10 poisoned darts (quivered)
 q - 4 boomerangs of dispersal
 w - 5 curare-tipped darts
 z - a throwing net
Armour
 a - a +0 robe (worn)
 F - a +0 pair of gloves (worn)
 H - a +2 buckler (worn)
Jewellery
 m - a +6 ring of strength
 o - the ring of Shadows (right hand) {Umbra +Inv Stlth+}
   (You found it in a sewer)

   [ring of stealth]

   It surrounds you with an aura of shadow, increasing your stealth and reducing
   the accuracy of all others within it.
   +Inv:      It lets you turn invisible.
   Stlth:     It makes you more stealthy.
 x - a ring of resist corrosion
 L - a ring of poison resistance (left hand)
Wands
 C - a wand of iceblast (8)
 D - a wand of charming (5)
Scrolls
 e - 2 scrolls of enchant armour
 h - a scroll of fear {unknown}
 i - a scroll of fog {unknown}
 p - 3 scrolls of blinking
 u - 5 scrolls of teleportation {unknown}
 y - 3 scrolls of noise
 A - 3 scrolls of enchant weapon
 G - a scroll of torment {unknown}
 J - 2 scrolls of vulnerability {unknown}
 K - a scroll of silence {unknown}
 M - a scroll of identify
Potions
 b - a potion of haste {unknown}
 c - a potion of heal wounds
 f - 4 potions of curing
 j - a potion of resistance {unknown}
 k - a potion of brilliance {unknown}
 r - 3 potions of mutation
 s - 3 potions of lignification
 t - a potion of cancellation {unknown}
 v - a potion of might {unknown}
 E - a potion of attraction
 I - 2 potions of berserk rage {unknown}


   Skills:
 + Level 2.8 Fighting
 + Level 3.8 Short Blades
 + Level 2.5 Throwing
 + Level 4.9 Dodging
 + Level 5.1 Stealth
 + Level 0.3 Shields
 + Level 7.2 Spellcasting
 + Level 11.4 Conjurations
 + Level 0.5 Hexes


You had 9 spell levels left.
You knew the following spells:

 Your Spells              Type           Power      Damage    Failure   Level
a - Magic Dart            Conj           100%       1d8       1%          1
b - Searing Ray           Conj           100%       2d8       1%          2
c - Dazzling Flash        Conj/Hex       68%        N/A       2%          3
d - Fulminant Prism       Conj/Hex       17%        3d11      9%          4
e - Iskenderun's Mystic   Conj/Tloc      33%        2d8       11%         4

Your spell library contained the following spells:

 Spells                   Type           Power      Damage    Failure   Level
 Animate Skeleton         Necr           14%        N/A       11%         1
 Apportation              Tloc           14%        N/A       11%         1
 Summon Small Mammal      Summ           28%        N/A       11%         1
 Lightning Bolt           Conj/Air       16%        1d30      28%         5
 Gell's Gravitas          Tloc           7%         N/A       32%         3
 Teleport Other           Tloc           7%         N/A       32%         3
 Airstrike                Air            3%         N/A       73%         4
 Summon Lightning Spire   Summ/Air       7%         N/A       73%         4
 Dispersal                Tloc           3%         N/A       100%        6


Dungeon Overview and Level Annotations

Branches:
Dungeon (8/15)             Temple (1/1) D:5           Sewer (visited)
   Lair: D:8-11

Altars:
Ashenzari
Cheibriados
Dithmenos
Fedhas
Gozag
Hepliaklqana
Kikubaaqudgha
Makhleb
Okawaru
Qazlal
Ru
Sif Muna
Trog
Uskayaw
Wu Jian
Xom
Yredelemnul
The Shining One

Annotations:
D:2 1 runed translucent door, Crazy Yiuf
D:6 1 runed translucent door, dolemite99's ghost, amateur HOFi


Innate Abilities, Weirdness & Mutations

You have a beak for a mouth.
You have claws for feet.
Your magical nature lets you fly swiftly and evasively.


Message History

You block the hornet zombie's attack.
You hit the hornet zombie but do no damage.
Your kick misses the hornet zombie. You peck the hornet zombie.
The hornet zombie is heavily damaged.
Your bullfrog zombie hits the hornet zombie.
The hornet zombie misses you.
You closely miss the hornet zombie. Your peck misses the hornet zombie.
The hornet zombie is heavily damaged.
Your bullfrog zombie hits the hornet zombie.
The hornet zombie hits you!
* * * LOW HITPOINT WARNING * * *
You barely miss the hornet zombie. Your kick misses the hornet zombie.
The hornet zombie is severely damaged.
Your bullfrog zombie hits the hornet zombie.
The hornet zombie closely misses your bullfrog zombie.
You barely miss the hornet zombie. You claw the hornet zombie.
The hornet zombie is severely damaged.
Your bullfrog zombie barely misses the hornet zombie.
The hornet zombie completely misses you.
You hit the hornet zombie.
The hornet zombie is severely damaged.
Your bullfrog zombie hits the hornet zombie.
The hornet zombie closely misses you.
You closely miss the hornet zombie. Your kick misses the hornet zombie.
The hornet zombie is severely damaged.
Your bullfrog zombie hits the hornet zombie.
You block the hornet zombie's attack.
You barely miss the hornet zombie. Your kick misses the hornet zombie.
You peck the hornet zombie, but do no damage.
The hornet zombie is almost destroyed.
Your bullfrog zombie hits the hornet zombie but does no damage.
The hornet zombie misses you.
You hit the hornet zombie.
You claw the hornet zombie, but do no damage.
You peck the hornet zombie.
The hornet zombie is almost destroyed.
Your bullfrog zombie closely misses the hornet zombie.
The hornet zombie hits you!
You die...
Your body rises from the dead as a mindless zombie.

#....####...........
#.....#.............
#..[........##......
###)...#......[#....
#..#####...#.#...<
#....#.#.#.#......
###................
#.##.##.##.........
#####.@.##
#.##.....<..
##......Z#
#.#....##..
#......Z.# .#... ...
###......# ##. ....
#......# # .....
##.....# .....
##..#..# ..###
#...#..# #...#..##


You could see a hornet zombie (ally target) and a friendly bullfrog zombie.

Vanquished Creatures
  Pikel (D:7)
  A hornet (D:8)
  Sigmund (D:4)
  Edmund (D:4)
  2 water moccasins
  An orc warrior (D:6)
  A black bear (D:5)
  A centaur (D:6)
  A lemure (D:7)
  4 bullfrogs
  Blork the orc (D:4)
  3 scorpions
  5 killer bees (D:7)
  A wight (D:8)
  2 bullfrog skeletons
  2 orc priests
  A gnoll shaman (D:4)
  6 hounds
  2 iguanas
  6 orc wizards
  A hound zombie (D:5)
  A hound skeleton (D:5)
  7 gnolls
  2 howler monkey skeletons
  14 adders
  2 ufetubi
  An adder skeleton (D:5)
  A worm (D:3)
  2 dart slugs (D:1)
  13 orcs
  8 ball pythons
  2 endoplasms
  15 giant cockroaches
  10 goblins
  3 hobgoblins
  2 quokkas
  3 bats
  6 frilled lizards
  A jackal skeleton (D:4)
  6 kobolds
  4 rats
147 creatures vanquished.

Vanquished Creatures (collateral kills)
  2 centaurs
  An ogre (D:7)
3 creatures vanquished.

Vanquished Creatures (others)
  A water moccasin zombie (D:7)
  An ogre zombie (D:7)
  A hound zombie (D:7)
  2 orc zombies
  9 fulminant prisms
14 creatures vanquished.

Grand Total: 164 creatures vanquished

Notes
Turn   | Place    | Note
-------+----------+-------------------------------------------
     0 | D:1      | themarg the Tengu Conjurer began the quest for the Orb.
     0 | D:1      | Reached XP level 1. HP: 10/10 MP: 4/4
   164 | D:1      | Reached XP level 2. HP: 15/15 MP: 4/6
   167 | D:1      | Learned a level 2 spell: Searing Ray
   587 | D:1      | Reached skill level 6 in Conjurations
  1432 | D:2      | Reached XP level 3. HP: 19/19 MP: 3/7
  2020 | D:2      | Found a runed translucent door.
  2021 | D:2      | Noticed Crazy Yiuf
  2154 | D:3      | Found a faded altar of an unknown god.
  2438 | D:3      | Found a glowing drain.
  2450 | D:3      | Reached XP level 4. HP: 11/24 MP: 6/8
  2457 | Sewer    | Entered a sewer
  3063 | Sewer    | Gained mutation: Your magical nature lets you fly swiftly
                  | and evasively. [Tengu growth]
  3063 | Sewer    | Reached XP level 5. HP: 28/28 MP: 5/9
  3207 | Sewer    | Found the ring of Shadows {Umbra +Inv Stlth+}
  3285 | Sewer    | Reached skill level 7 in Conjurations
  3286 | Sewer    | Reached XP level 6. HP: 33/33 MP: 4/11
  3531 | D:3      | Reached skill level 1 in Fighting
  3962 | D:3      | Found a glowing golden altar of the Shining One.
  3962 | D:3      | Found a shimmering altar of Xom.
  3967 | D:3      | Found a bloodstained altar of Trog.
  3969 | D:3      | Found a faded altar of an unknown god.
  3970 | D:3      | Found an iron altar of Okawaru.
  4480 | D:4      | Reached skill level 1 in Short Blades
  4480 | D:4      | Reached XP level 7. HP: 38/38 MP: 7/13
  4905 | D:4      | Noticed Sigmund
  4945 | D:4      | Reached skill level 8 in Conjurations
  6236 | D:4      | Killed Sigmund
  6237 | D:4      | Reached XP level 8. HP: 25/43 MP: 6/16
  6390 | D:4      | Noticed Edmund
  6556 | D:4      | Killed Edmund
  6833 | D:5      | Entered Level 5 of the Dungeon
  6859 | D:5      | Found a staircase to the Ecumenical Temple.
  6998 | D:5      | Reached skill level 5 in Spellcasting
  7048 | Temple   | Entered the Ecumenical Temple
  7421 | Temple   | Became a worshipper of Yredelemnul the Dark
  7448 | D:5      | Reached skill level 9 in Conjurations
  7576 | D:5      | Found an opulent altar of Gozag.
  7692 | D:5      | Found a shimmering blue altar of Sif Muna.
  7716 | D:5      | Noticed Blork the orc
  7967 | D:5      | Reached skill level 1 in Throwing
  8199 | D:5      | Reached * piety under Yredelemnul
  8210 | D:5      | Found a sacrificial altar of Ru.
  8232 | D:4      | HP: 2/44 [Blork the orc/puff of frost (7)]
  8245 | D:4      | Killed Blork the orc
  8850 | D:6      | Found a hide-covered altar of Uskayaw.
  9132 | D:6      | Learned a level 3 spell: Dazzling Flash
  9137 | D:6      | Learned a level 4 spell: Fulminant Prism
  9142 | D:6      | Reached skill level 10 in Conjurations
  9385 | D:6      | Reached XP level 9. HP: 35/48 MP: 17/19
  9728 | D:6      | Found a runed translucent door.
  9729 | D:6      | Noticed dolemite99's ghost (amateur HOFi)
 11116 | D:8      | Noticed Pikel
 11484 | D:7      | Learned a level 4 spell: Iskenderun's Mystic Blast
 11526 | D:7      | Killed Pikel
 11527 | D:7      | Reached skill level 5 in Stealth
 11527 | D:7      | Reached skill level 11 in Conjurations
 12121 | D:8      | Noticed a hornet
 12132 | D:8      | Killed a hornet
 12162 | D:8      | Reached XP level 10. HP: 28/55 MP: 8/21
 12171 | D:8      | Slain by a hornet zombie

Illustrated notes

Levels and vault maps discovered:
D:1:      lightli_arrival_boilingwater, layout_basic
D:2:      layout_loops_corners, uniq_crazy_yiuf_cottage
D:3:      cheibrodos_pilgrimage, layout_loops_ring,
          chequers_temple_overflow_minitemple, ebering_ecumenical_altar_webs,
          portal_sewer_entry_d
D:4:      layout_basic, sigmund_edmund_badplayer
D:5:      layout_loops_cross, kennysheep_mini, old_standard_altar,
          kennysheep_mini_moat, temple_pool_b, uniq_blork_the_orc, uniq_edmund
D:6:      layout_layer_cave, mainiacjoe_overflow_concentric_impassable,
          ebering_ghost_reflecting_pool, sigmund_army
D:7:      layout_basic, amcnicky_mini_corridor_feature,
          chequers_serial_rivers_micro_b, minmay_a_box_with_orc_wizards_in_it
D:8:      layout_cave_pools, marbit_many_paths, mainiacjoe_overflow_catwalk,
          uniq_pikel
Temple:   dpeg_chambers_temple

Skill      XL: |  1  2  3  4  5  6  7  8  9 |
---------------+----------------------------+-----
Conjurations   | 6 7 8 10 11 | 11.4
Stealth        | 3 4 5 |  5.1
Spellcasting   | 3 4 6 7 |  7.2
Fighting       | 1 2 |  2.8
Short Blades   | 1 2 3 |  3.8
Dodging        | 3 4 |  4.9
Throwing       | 1 2 |  2.5
Shields        | |  0.3
Hexes          | |  0.5

Action                   |  1- 3 |  4- 6 |  7- 9 | 10-12 || total
-------------------------+-------+-------+-------+-------++-------
Melee: Dagger            |    17 |     5 |    90 |    10 ||   122
       Kick              |     4 |     2 |    27 |     3 ||    36
       Peck              |       |       |    16 |     3 ||    19
       Punch             |       |       |     1 |       ||     1
Throw: Stone             |       |     1 |       |       ||     1
       Dart              |       |       |    12 |       ||    12
 Cast: Magic Dart        |    45 |    70 |    78 |       ||   193
       Searing Ray       |     2 |    15 |    48 |       ||    65
       Fulminant Prism   |       |       |     9 |       ||     9
  Use: Scroll            |       |       |     7 |       ||     7
       Potion            |       |       |     1 |       ||     1
 Stab: Sleeping          |       |     1 |       |       ||     1
Armor: Robe              |     2 |     2 |     7 |       ||    11
Dodge: Dodged            |    10 |     4 |   129 |     5 ||   148
Block: Buckler           |       |       |    13 |     2 ||    15
